 Dungeon Crawl Stone Soup version 0.23-a0-586-gacb4b3f (webtiles) character file.

67 Leeroy the Charmwright (level 4, -3/38 HPs)
             Began as a Gnoll Skald on Dec 19, 2018.
             Slain by an orc
             ... wielding a +0 hand axe
              (4 damage)
             ... on level 3 of the Dungeon.
             The game lasted 00:04:43 (1460 turns).

Leeroy the Charmwright (Gnoll Skald)                Turns: 1460, Time: 00:04:44

Health: -3/38      AC:  3    Str: 18    XL:     4   Next: 16%
Magic:  5/11       EV: 14    Int: 17    God:
Gold:   111        SH:  0    Dex: 14    Spells: 2/13 levels left

rFire    . . .     SeeInvis .   a - +0 falchion
rCold    . . .     Gourm    .   (no shield)
rNeg     . . .     Faith    .   b - +0 leather armour
rPois    .         Spirit   .   (no helmet)
rElec    .         Reflect  .   (no cloak)
rCorr    .         Harm     .   (no gloves)
MR       .....                  (no boots)
Stlth    +.........             (no amulet)
HPRegen  0.12/turn              (no ring)
MPRegen  0.12/turn              (no ring)

@: mighty, singing, flying
A: distributed training, fangs 1, strong nose
a: no special abilities


You were on level 3 of the Dungeon.
You were not hungry.

You visited 1 branch of the dungeon, and saw 3 of its levels.

You collected 111 gold pieces.

Inventory:

Hand Weapons
 a - a +0 falchion (weapon)
 h - a +0 hunting sling
 j - a +0 short sword
Missiles
 g - 43 stones (quivered)
 l - 44 arrows
 p - 4 throwing nets
 v - 13 poisoned needles
Armour
 b - a +0 leather armour (worn)
 m - a +0 ring mail
Jewellery
 e - an uncursed ring of positive energy
 n - an uncursed amulet of faith
 r - a cursed ring of attention {unknown}
 u - an uncursed ring of stealth {unknown}
Scrolls
 c - a scroll of teleportation {unknown}
 i - a scroll of remove curse {unknown}
 k - 2 scrolls of magic mapping {unknown}
 q - a scroll of amnesia {unknown}
Potions
 t - a potion of heal wounds {unknown}
Comestibles
 d - 6 rations
 f - 6 chunks of flesh


   Skills:
 + Level 4.6 Fighting
 + Level 1.0 Short Blades
 + Level 4.6 Long Blades
 + Level 1.0 Axes
 + Level 1.0 Maces & Flails
 + Level 1.0 Polearms
 + Level 1.0 Staves
 + Level 1.0 Slings
 + Level 1.0 Bows
 + Level 1.0 Crossbows
 + Level 1.0 Throwing
 + Level 2.7 Armour
 + Level 4.6 Dodging
 + Level 1.0 Stealth
 + Level 1.0 Shields
 + Level 1.0 Unarmed Combat
 + Level 5.0 Spellcasting
 + Level 0.8 Conjurations
 + Level 0.8 Hexes
 + Level 5.4 Charms
 + Level 0.8 Summonings
 + Level 0.8 Necromancy
 + Level 0.8 Translocations
 + Level 0.8 Transmutations
 + Level 0.8 Fire Magic
 + Level 0.8 Ice Magic
 + Level 0.8 Air Magic
 + Level 0.8 Earth Magic
 + Level 0.8 Poison Magic
 + Level 1.1 Invocations
 + Level 1.0 Evocations


You had 2 spell levels left.
You knew the following spells:

 Your Spells              Type           Power        Failure   Level  Hunger
a - Infusion              Chrm           ###.         1%          1    None
b - Song of Slaying       Chrm           ###.....     2%          2    #......
c - Shroud of Golubria    Chrm/Tloc      ###.......   7%          2    #......
d - Regeneration          Chrm/Necr      ###.......   14%         3    ###....
e - Spectral Weapon       Hex/Chrm       ###.....     14%         3    ###....

Your spell library contained the following spells:

 Spells                   Type           Power        Failure   Level  Hunger


Dungeon Overview and Level Annotations

Branches:
Dungeon (3/15)

Altars:
Dithmenos


Innate Abilities, Weirdness & Mutations

Your experience applies equally to all skills.
You have very sharp teeth.
Your uncanny sense of smell can sniff out nearby items.


Message History

The adder closely misses your spectral weapon.
Something barely misses your spectral weapon.
The orc barely misses you.
You riposte.
You slash the orc!
You kill the orc!
The orc wizard casts a spell at you. The puff of frost misses you.
Your shroud bends the adder's attack away.
The hobgoblin hits you.
* * * LOW HITPOINT WARNING * * *
Your shroud falls apart!
Something hits you!
* * * LOW HITPOINT WARNING * * *
Something hits your spectral weapon but does no damage.
The orc wizard completely misses you. The adder barely misses you.
Items here: ( ))) ?? [ †† Unknown command.
It was a potion of flight.
You feel very buoyant.
You fly up into the air.
The orc hits you with a +0 hand axe.
You die...

#.# #......## # ∆
#####.###.#.....#.#
....#.#...#.#<.##.#.#
....#.#.###.#.......#
....'.#.#
#.#...#.######
....#.#.#
#.#.#.#......#
....#.#.#
#.#...#....#
###.###.#
#.###.(S...# #.....#
#o# ##@{...# #######
#...ooog...#
.......o....+∆
............#
............#
............#
............#
..........(.#


You could see an orc priest, an orc wizard, an adder, 2 orcs, a hobgoblin and a
friendly spectral +0 falchion.

Vanquished Creatures
  An adder (D:2)
  An ooze (D:2)
  2 worms
  2 dart slugs
  A leopard gecko (D:1)
  5 orcs (D:3)
  A ball python (D:3)
  5 giant cockroaches
  3 goblins
  A hobgoblin (D:2)
  4 kobolds
  5 bats
  3 frilled lizards
  6 rats
40 creatures vanquished.

Notes
Turn   | Place    | Note
-------+----------+-------------------------------------------
     0 | D:1      | Leeroy the Gnoll Skald began the quest for the Orb.
     0 | D:1      | Reached XP level 1. HP: 20/20 MP: 6/6
   110 | D:1      | Reached XP level 2. HP: 24/26 MP: 7/7
   116 | D:1      | Learned a level 2 spell: Song of Slaying
   119 | D:1      | Learned a level 2 spell: Shroud of Golubria
   616 | D:2      | Found a shadowy altar of Dithmenos.
   620 | D:2      | Reached skill level 5 in Spellcasting
   620 | D:2      | Reached XP level 3. HP: 29/31 MP: 7/9
   676 | D:2      | Learned a level 3 spell: Regeneration
   680 | D:2      | Learned a level 3 spell: Spectral Weapon
   882 | D:2      | Reached skill level 1 in Invocations
  1278 | D:3      | Reached skill level 1 in Short Blades
  1278 | D:3      | Reached skill level 1 in Axes
  1278 | D:3      | Reached skill level 1 in Maces & Flails
  1278 | D:3      | Reached skill level 1 in Polearms
  1278 | D:3      | Reached skill level 1 in Staves
  1278 | D:3      | Reached skill level 1 in Slings
  1278 | D:3      | Reached skill level 1 in Bows
  1278 | D:3      | Reached skill level 1 in Crossbows
  1278 | D:3      | Reached skill level 1 in Throwing
  1278 | D:3      | Reached skill level 1 in Stealth
  1278 | D:3      | Reached skill level 1 in Shields
  1278 | D:3      | Reached skill level 1 in Unarmed Combat
  1278 | D:3      | Reached skill level 1 in Evocations
  1323 | D:3      | Reached XP level 4. HP: 31/38 MP: 11/11
  1459 | D:3      | HP: 1/38 [something (7)]
  1460 | D:3      | Slain by an orc

Vault maps used:
D:1:      eino_arrival_cavern_b, hangedman_abyss_or_decor_lesser_grid
D:2:      lemuel_coloured_pillars_altar, st_stairs_8
D:3:      lemuel_doored_altar, first_ration, st_stairs_4

Skill      XL: |  1  2  3 |
---------------+----------+-----
Spellcasting   | 5 |  5.0
Invocations    | 1 |  1.1
Short Blades   | 1 |  1.0
Axes           | 1 |  1.0
Maces & Flails | 1 |  1.0
Polearms       | 1 |  1.0
Staves         | 1 |  1.0
Slings         | 1 |  1.0
Bows           | 1 |  1.0
Crossbows      | 1 |  1.0
Throwing       | 1 |  1.0
Stealth        | 1 |  1.0
Shields        | 1 |  1.0
Unarmed Combat | 1 |  1.0
Evocations     | 1 |  1.0
Fighting       | |  4.6
Long Blades    | |  4.6
Armour         | |  2.7
Dodging        | |  4.6
Conjurations   | |  0.8
Hexes          | |  0.8
Charms         | |  5.4
Summonings     | |  0.8
Necromancy     | |  0.8
Translocations | |  0.8
Transmutations | |  0.8
Fire Magic     | |  0.8
Ice Magic      | |  0.8
Air Magic      | |  0.8
Earth Magic    | |  0.8
Poison Magic   | |  0.8

Action                   |  1- 3 |  4- 6 || total
-------------------------+-------+-------++-------
Melee: Falchion          |   112 |     9 ||   121
       Short sword       |    14 |       ||    14
       Bite              |    11 |     2 ||    13
       Punch             |     1 |     1 ||     2
Throw: Stone             |     7 |       ||     7
 Cast: Regeneration      |     3 |       ||     3
       Shroud of Golubri |       |     1 ||     1
       Song of Slaying   |       |     1 ||     1
       Spectral Weapon   |       |     1 ||     1
  Use: Scroll            |     2 |       ||     2
       Potion            |       |     2 ||     2
 Stab: Sleeping          |     1 |       ||     1
  Eat: Chunk             |     1 |     1 ||     2
Armor: Leather armour    |    28 |       ||    28
Dodge: Dodged            |    82 |     6 ||    88
       Rpst.: Falchion   |    21 |     1 ||    22

Table legend:
 A = Non-vault XP
 B = Vault XP
 C = Vault XP percentage of total XP
 D = Non-vault monster count
 E = Vault monster count
 F = Vault count percentage of total count
                 A         B        C        D         E       F
            +---------+---------+-------+---------+---------+-------
      Total |      87 |       9 |   9.4 |      36 |       4 |  10.0
            +---------+---------+-------+---------+---------+-------
        D:1 |      22 |       0 |   0.0 |      11 |       0 |   0.0
        D:2 |      40 |       4 |   9.1 |      15 |       1 |   6.2
        D:3 |      25 |       5 |  16.7 |      10 |       3 |  23.1
            +---------+---------+-------+---------+---------+-------
